 Dungeon Crawl Stone Soup version 0.31-a0-339-gda1cbd555d (webtiles) character file.

Game seed: 678836089539438504

2376 drugrobin the Basher (level 9, -3/68 HPs)
             Began as a Demigod Delver on July 21, 2023.
             Killed from afar by an acid dragon (21 damage)
             ... with a splash of acid
             ... on level 6 of the Dungeon.
             The game lasted 00:19:34 (7015 turns).

drugrobin the Basher (Demigod Delver)               Turns: 7015, Time: 00:19:34

Health: -3/68      AC:  8    Str: 25    XL:     9   Next: 2%
Magic:  11/11      EV:  7    Int: 18    God:
Gold:   424        SH:  0    Dex: 15    Spells: 8/8 levels left

rFire   . . .        b - +0 morningstar
rCold   . . .        (no shield)
rNeg    + . .        q - +0 plate armour
rPois   .            u - +0 helmet
rElec   .            (no cloak)
rCorr   .            (no gloves)
SInv    .            B - +0 pair of boots
Will    .....        (no amulet) Stlth
                     s - ring of positive energy
HPRegen 0.31/turn    x - +6 ring of intelligence
MPRegen 0.12/turn

%: no passive effects
@: corroded
A: high MP 1, forlorn, divine attributes
a: no special abilities


You were on level 6 of the Dungeon.
You visited 1 branch of the dungeon, and saw 6 of its levels.

You collected 424 gold pieces.

Inventory:

Hand Weapons
 a - a +0 whip of flaming
 b - a +0 morningstar (weapon)
 c - a +0 arbalest
 d - a +2 rapier of venom
 K - a +0 flail
 O - a +0 mace
Missiles
 o - 6 boomerangs (quivered)
 G - 6 poisoned darts
Armour
 j - a +0 chain mail
 l - a +0 leather armour
 q - a +0 plate armour (worn)
 u - a +0 helmet (worn)
 B - a +0 pair of boots (worn)
 D - the +1 robe of Lucidity {Drain Str+3 Archmagi}
   (You found it on level 3 of the Dungeon)

   Str:       It affects your strength (+3).
   Drain:     It drains your maximum health when unequipped.
   Archmagi:  It increases the power of your magical spells.
 L - an orb of guile
Magical Staves
 r - a staff of death
 N - a staff of conjuration
Jewellery
 s - a ring of positive energy (left hand)
 x - a +6 ring of intelligence (right hand)
 F - a ring of wizardry
 J - a ring of fire
Talismans
 y - a beast talisman
 A - a maw talisman
Wands
 g - a wand of digging (3)
Scrolls
 e - a scroll of amnesia {unknown}
 h - 4 scrolls of teleportation {unknown}
 i - 8 scrolls of identify
 k - a scroll of torment {unknown}
 m - 2 scrolls of fog
 t - 2 scrolls of enchant armour {unknown}
 w - a scroll of blinking {unknown}
 C - a scroll of immolation {unknown}
 H - a scroll of acquirement {unknown}
 M - a scroll of poison {unknown}
 P - 2 scrolls of revelation
Potions
 p - a potion of resistance {unknown}
 v - a potion of curing
 z - a potion of ambrosia {unknown}
 E - 2 potions of brilliance {unknown}
 I - a potion of lignification {unknown}


   Skills:
 - Level 2.6 Fighting
 + Level 11.5 Maces & Flails
 - Level 1.7 Dodging
 - Level 4.5 Stealth


You had 8 spell levels left.
You didn't know any spells.
Your spell library was empty.

Dungeon Overview and Level Annotations

Branches:
Dungeon (6/15)             Temple (0/1) D:6

Annotations:
D:3 1 runed translucent door, Crazy Yiuf
D:5 exclusion: downstairs


Innate Abilities, Weirdness & Mutations

You have an increased reservoir of magic. (+10% MP)
You shall have no god before yourself.
Your divine heritage dramatically boosts your attributes as you level up.


Message History

The acid dragon spits acid at you. The splash of acid hits you!
The acid corrodes you!
Unknown command.
Unknown command.
Okay, then.
Okay, then.
Okay, then.
As you read the scroll labelled SUUREPTO MOIT, it crumbles to dust.
It is a scroll of identify.
v - 2 potions of curing The acid dragon bites you!
The acid dragon claws you.
You closely miss the acid dragon.
The acid dragon is moderately wounded.
The acid dragon bites you but does no damage.
The acid dragon claws you.
Unknown command.
Unknown command.
You hit the acid dragon.
The acid dragon is heavily wounded.
A sleepcap comes into view.
The acid dragon bites you. The acid dragon barely misses you.
Unknown command.
Unknown command.
You completely miss the acid dragon.
The acid dragon is heavily wounded.
The acid dragon spits acid at you. The splash of acid hits you!
* * * LOW HITPOINT WARNING * * *
Unknown command.
Unknown command.
Unknown command.
The acid dragon attacks as you move away!
The acid dragon barely misses you.
The acid dragon claws you but does no damage.
Unknown command.
Unknown command.
You feel better. The acid dragon spits acid at you.
The splash of acid hits you!!
You die...

#.# #.##.####..# #...
#.# #.##..##..# #...
##.# #.###.##.# #...
#..###......[.# #..#
..........)##.###..##
.#)#.......##.##..#.#
...........##...f..#
.....#.....#####D##....#
...####....# #@# .D.
.#.# #.#..# #..# # .#.#
#.#..# #.## ##g####.#..#
... #...##.#..# ...
###..)o#..# #....
###h.#..........
#..#......#####
#####.#.....#


You could see an acid dragon (catching breath) and a sleepcap.

Vanquished Creatures
  Pikel (D:6)
  3 water moccasins
  A sky beast (D:4)
  A black bear (D:6)
  2 orc warriors
  2 ogres (D:5)
  2 phantoms (D:5)
  A lemure (D:6)
  2 scorpions
  2 bullfrogs (D:6)
  2 electric eels (D:5)
  A howler monkey (D:4)
  A hound (D:6)
  A jelly (D:6)
  2 orc priests
  A gnoll bouda (D:6)
  Jessica (D:2)
  An iguana (D:4)
  Natasha (thrice) (D:2)
  3 orc wizards (D:6)
  Robin (D:1)
  7 gnolls
  7 adders
  2 white imps
  2 ufetubi
  5 dart slugs
  14 orcs
  6 endoplasms
  9 hobgoblins
  6 jackals
  8 kobolds
  3 ball pythons
  3 bats
  4 frilled lizards
  13 goblins
  4 rats
127 creatures vanquished.

Notes
Turn   | Place    | Note
-------+----------+-------------------------------------------
     0 | D:5      | drugrobin the Demigod Delver began the quest for the Orb.
     0 | D:5      | Reached XP level 1. HP: 18/18 MP: 3/3
     1 | D:5      | Noticed an electric eel
     1 | D:5      | Noticed an electric eel
     9 | D:5      | Found a transporter.
    91 | D:5      | Noticed an ogre
   215 | D:4      | Reached skill level 2 in Maces & Flails
   438 | D:2      | Noticed Robin
   484 | D:1      | Reached XP level 2. HP: 24/25 MP: 4/4
   736 | D:1      | Reached skill level 3 in Maces & Flails
   999 | D:1      | Reached XP level 3. HP: 21/30 MP: 5/5
  1290 | D:1      | Killed Robin
  1415 | D:2      | Noticed Natasha
  1428 | D:2      | Killed Natasha
  1429 | D:2      | Reached skill level 4 in Maces & Flails
  1429 | D:2      | Reached XP level 4. HP: 30/37 MP: 6/6
  1683 | D:2      | Noticed Jessica
  1694 | D:2      | Killed Jessica
  1751 | D:2      | Noticed Natasha
  1770 | D:2      | Killed Natasha
  1790 | D:2      | Noticed Natasha
  1808 | D:2      | Killed Natasha
  1809 | D:2      | Reached skill level 5 in Maces & Flails
  1809 | D:2      | Reached XP level 5. HP: 17/42 MP: 7/7
  2069 | D:3      | Found a runed translucent door.
  2070 | D:3      | Noticed Crazy Yiuf
  2104 | D:3      | Identified the +1 robe of Lucidity {Drain Str+3 Archmagi}
  3038 | D:4      | Reached skill level 6 in Maces & Flails
  3038 | D:4      | Reached XP level 6. HP: 43/50 MP: 8/8
  3952 | D:5      | Reached skill level 7 in Maces & Flails
  4013 | D:5      | Reached XP level 7. HP: 47/56 MP: 9/9
  4345 | D:5      | Reached skill level 8 in Maces & Flails
  5090 | D:6      | Noticed Pikel
  5247 | D:6      | Found a staircase to the Ecumenical Temple.
  5299 | D:6      | Killed Pikel
  5300 | D:6      | Reached skill level 9 in Maces & Flails
  5300 | D:6      | Reached XP level 8. HP: 8/62 MP: 10/10
  5650 | D:5      | Reached skill level 10 in Maces & Flails
  6325 | D:6      | HP: 1/62 [orc warrior/+0 scimitar (7)]
  6558 | D:5      | Reached skill level 11 in Maces & Flails
  6908 | D:6      | Reached XP level 9. HP: 68/68 MP: 11/11
  7015 | D:6      | Killed from afar by an acid dragon

Illustrated notes

Levels and vault maps discovered:
D:1:      saegor_arrival_simple_e, layout_rooms, minmay_misc_feat_four_crosses
D:2:      layout_loops_cross, uniq_jessica, uniq_robin, uniq_natasha
D:3:      layout_rooms, ebering_ecumenical_altar_webs,
          minmay_misc_feat_secret_circle, uniq_crazy_yiuf_cottage
D:4:      layout_basic, lemuel_coloured_pillars_altar,
          gammafunk_temple_overflow_statue
D:5:      gammafunk_steamed_eel, layout_basic, minmay_liquid_box,
          minmay_door_square
D:6:      layout_rooms, kennysheep_mini, minmay_temple_entry_glass,
          minmay_ruined_shrine, uniq_pikel

Skill      XL: |  1  2  3  4  5  6  7  8 |
---------------+-------------------------+-----
Maces & Flails | 2 3 4 5 6 7 9 11 | 11.5
Fighting       | |  2.6
Dodging        | |  1.7
Stealth        | |  4.5

Action                     |  1- 3 |  4- 6 |  7- 9 || total
---------------------------+-------+-------+-------++-------
  Melee: Mace              |   101 |   234 |    43 ||   378
         Whip              |    43 |       |    49 ||    92
         Punch             |     1 |     2 |     3 ||     6
         Morningstar       |       |       |    90 ||    90
         Rapier            |       |       |    48 ||    48
   Fire: Arbalest          |       |       |     5 ||     5
  Throw: Boomerang         |     2 |     7 |     1 ||    10
         Dart              |       |     2 |    13 ||    15
  Evoke: Wand              |       |       |     3 ||     3
    Use: Scroll            |     1 |     1 |     1 ||     3
         Potion            |       |       |     5 ||     5
   Stab: Sleeping          |     2 |       |       ||     2
 Armour: Leather armour    |    13 |       |       ||    13
         Plate armour      |    79 |   159 |   138 ||   376
  Dodge: Dodged            |    63 |    53 |    97 ||   213

Table legend: (Time is in decaauts)
 A = Elapsed time spent in this place.
 B = Non-inter-level travel time spent in this place.
 C = Inter-level travel time spent in this place.
 D = Time resting spent in this place.
 E = Time spent auto-exploring this place.
 F = Levels seen in this place.
 G = Mean time per level.
                   A        B        C        D        E       F      G
               +--------+--------+--------+--------+--------+-----+--------+
         Total |   7047 |   6748 |    299 |   1712 |   3037 |   6 | 1174.5 |
       Dungeon |   7047 |   6748 |    299 |   1712 |   3037 |   6 | 1174.5 |
               +--------+--------+--------+--------+--------+-----+--------+

Top non-repeatable levels by time:
     D:5: 2384 daAuts
     D:4: 1355 daAuts
     D:6: 941 daAuts
     D:2: 851 daAuts
     D:1: 781 daAuts
     D:3: 732 daAuts
